 Dungeon Crawl Stone Soup version 0.19.5 (webtiles) character file.

746 galech the Chopper (level 7, -4/63 HPs)
             Began as a Deep Dwarf Fighter on Mar 18, 2017.
             Was an Initiate of Makhleb.
             Slain by an ogre
             ... wielding a +0 giant club
              (23 damage)
             ... on level 6 of the Dungeon.
             The game lasted 00:10:02 (3970 turns).

galech the Chopper (Deep Dwarf Fighter)             Turns: 3970, Time: 00:10:02

Health: -4/63      AC:  9    Str: 21    XL:     7   Next: 48%
Magic:  4/4        EV:  4    Int:  9    God:    Makhleb [......]
Gold:   138        SH: 10    Dex: 12    Spells: 0 memorised, 6 levels left

rFire  . . .     SeeInvis .     a - +0 war axe
rCold  . . .     Gourm    .     l - +0 plate armour
rNeg   . . .     Faith    .     c - +0 shield
rPois  .         Spirit   .     (no helmet)
rElec  .         Reflect  .     q - +1 cloak
rCorr  .         Harm     .     (no gloves)
MR     +....     Clarity  +     (no boots)
Stlth  ..........               (no amulet)
                                o - +2 ring of slaying
                                y - ring of stealth

@: non-regenerating
A: damage resistance, recharge devices, thin skeletal structure 1, clarity,
clumsy 1, deformed body, sense surroundings 1, slow regeneration 3
a: Device Recharging, Renounce Religion


You were on level 6 of the Dungeon.
You worshipped Makhleb.
Makhleb was noncommittal.
You were not hungry.

You visited 2 branches of the dungeon, and saw 7 of its levels.
You also visited: Sewer.

You collected 258 gold pieces.
You spent 120 gold pieces at shops.

Inventory:

Hand Weapons
 a - a +0 war axe (weapon)
 r - a +0 hand axe of flaming
Armour
 c - a +0 shield (worn)
 l - a +0 plate armour (worn)
 q - a +1 cloak (worn)
Jewellery
 b - an uncursed ring of wizardry
 o - a +2 ring of slaying (right hand)
 y - a ring of stealth (left hand)
 z - an uncursed ring of wizardry
Wands
 e - a wand of heal wounds (5/9)
Scrolls
 h - 7 scrolls of teleportation
 j - a scroll of fear
 k - 2 scrolls of recharging {unknown}
 p - 2 scrolls of immolation
 t - a scroll of enchant weapon
 u - a scroll of random uselessness
 v - 2 scrolls of magic mapping {unknown}
 A - a scroll of amnesia
 C - a scroll of vulnerability {unknown}
Potions
 d - 6 potions of might
 g - 2 potions of brilliance {unknown}
 m - 3 potions of heal wounds
 n - a potion of lignification
 s - 4 potions of curing
 w - 2 potions of flight {unknown}
 B - a potion of haste
Comestibles
 f - 5 bread rations
 i - 5 fruits
 x - 2 meat rations
 D - 3 chunks of flesh


   Skills:
 + Level 3.9 Fighting
 + Level 6.4 Axes
 + Level 5.1 Armour
 + Level 0.4 Dodging
 + Level 0.6 Stealth
 + Level 5.1 Shields
 + Level 1.1 Evocations


You had 6 spell levels left.
You didn't know any spells.

Dungeon Overview and Level Annotations

Branches:
Dungeon (6/15)             Temple (1/1) D:4

Altars:
Ashenzari
Dithmenos
Fedhas
Gozag
Hepliaklqana
Kikubaaqudgha
Makhleb
Qazlal
Trog
Xom
Yredelemnul
Zin
The Shining One

Shops:
D:4 !   D:5 }*?}*


Innate Abilities, Weirdness & Mutations

You are resistant to damage.
You can recharge devices by infusing magical energy.
You passively map a small area around you.
You do not regenerate.
You have a somewhat thin skeletal structure. (Dex +2, Stealth)
You possess an exceptional clarity of mind.
You are clumsy. (Dex -2)
Armour fits poorly on your strangely shaped body.


Message History

You open the door.
Found 9 stones.
An ogre comes into view. It is wielding a giant club.
The ogre shouts!
There is an open door here.
You see here 9 stones.
The ogre barely misses you.
You slash the ogre!
The ogre is moderately wounded.
You block the ogre's attack.
You barely miss the ogre.
The ogre is moderately wounded.
The ogre hits you with a giant club!!
You slash the ogre!
The ogre is severely wounded.
The ogre hits you with a giant club!!
Your plate armour prevents you from hitting the ogre.
The ogre is severely wounded.
The ogre hits you with a giant club!!
You die...

**####################
, * ,,
#................... ,
#..........(........
#....(.............. *
####'##.............
,,
*#...##########....>
,,, #.(.# ,, #....) ,
#.@.# , #..... , +.O.#
, ###### #...# , ,,+,
#...#*, , , , ....# ,,
* , , , ...... ,
...... , * ........ ,
, *


You could see an ogre.

Vanquished Creatures
  An orc warrior (D:6)
  A crocodile (D:5)
  A big kobold (Sewer)
  A crimson imp (D:5)
  A jelly (D:5)
  2 orc priests (D:5)
  A centaur skeleton (D:5)
  Terence (D:3)
  3 orc wizards
  A hound zombie (D:5)
  12 adders
  3 river rats (Sewer)
  2 adder zombies (D:5)
  A worm (D:4)
  A dart slug (D:3)
  6 leopard geckos
  15 orcs
  7 bats
  4 giant cockroaches
  5 goblins
  5 hobgoblins
  4 jackals
  A quokka (D:3)
  5 frilled lizards
  10 kobolds
  6 rats
100 creatures vanquished.

Notes
Turn   | Place    | Note
-------+----------+-------------------------------------------
     0 | D:1      | galech the Deep Dwarf Fighter began the quest for the Orb.
     0 | D:1      | Reached XP level 1. HP: 20/20 MP: 1/1
    80 | D:1      | Reached XP level 2. HP: 24/27 MP: 2/2
   785 | D:2      | Reached XP level 3. HP: 12/34 MP: 3/3
   836 | D:2      | Found an ancient bone altar of Kikubaaqudgha.
   837 | D:2      | Found a bloodstained altar of Trog.
  1018 | D:2      | Reached skill level 3 in Axes
  1180 | D:2      | Reached XP level 4. HP: 31/42 MP: 4/4
  1189 | D:2      | Found an opulent altar of Gozag.
  1457 | D:3      | Found a shimmering altar of Xom.
  1521 | D:3      | Noticed Terence
  1529 | D:3      | Killed Terence
  1874 | D:3      | Reached XP level 5. HP: 28/49 MP: 5/5
  1877 | D:3      | Found a faded altar of an unknown god.
  1931 | D:3      | Reached skill level 4 in Axes
  2056 | D:4      | Found a glowing drain.
  2146 | Sewer    | Entered a sewer
  2245 | Sewer    | Reached XP level 6. HP: 30/56 MP: 5/5
  2279 | Sewer    | Found a white marble altar of Elyvilon.
  2546 | D:4      | Found Ilufaon's Distillery.
  2556 | D:4      | Bought a potion of mutation for 30 gold pieces
  2556 | D:4      | Bought a potion of mutation for 30 gold pieces
  2556 | D:4      | Bought a potion of heal wounds for 60 gold pieces
  2556 | D:4      | Gained mutation: You possess an exceptional clarity of mind. [potion of mutation]
  2556 | D:4      | Gained mutation: You have a somewhat thin skeletal structure. (Dex +2, Stealth) [potion of mutation]
  2556 | D:4      | Gained mutation: You are clumsy. (Dex -2) [potion of mutation]
  2557 | D:4      | Gained mutation: Armour fits poorly on your strangely shaped body. [potion of mutation]
  2583 | D:4      | Found a stormy altar of Qazlal.
  2624 | D:4      | Reached skill level 5 in Axes
  2715 | D:4      | Found a staircase to the Ecumenical Temple.
  2724 | Temple   | Entered the Ecumenical Temple
  2952 | Temple   | Became a worshipper of Makhleb the Destroyer
  3004 | D:5      | Entered Level 5 of the Dungeon
  3050 | D:5      | Found a shattered altar of Ashenzari.
  3235 | D:5      | Found Biunav's Assorted Antiques.
  3269 | D:5      | Reached XP level 7. HP: 26/63 MP: 6/6
  3274 | D:5      | Found Liaview's Gadget Shoppe.
  3298 | D:5      | Found Gyeb's General Store.
  3543 | D:5      | Found Etaxu's Gadget Shoppe.
  3658 | D:5      | Reached skill level 6 in Axes
  3784 | D:5      | Found Kutunoit's Magic Scroll Emporium.
  3935 | D:6      | Reached skill level 5 in Armour
  3935 | D:6      | Reached skill level 5 in Shields
  3935 | D:6      | Reached skill level 1 in Evocations
  3970 | D:6      | Slain by an ogre

Skill      XL: |  1  2  3  4  5  6  7 |
---------------+----------------------+-----
Fighting       | 3 |  3.9
Axes           | 3 4 5 6 |  6.4
Armour         | 4 5 |  5.1
Shields        | 4 5 |  5.1
Evocations     | 1 |  1.1
Dodging        | |  0.4
Stealth        | |  0.6

Action                   |  1- 3 |  4- 6 |  7- 9 || total
-------------------------+-------+-------+-------++-------
Melee: War axe           |   154 |    87 |     4 ||   245
       Hand axe          |       |   151 |    53 ||   204
 Abil: Device Recharging |       |     1 |     2 ||     3
Evoke: Wand              |     1 |     2 |    11 ||    14
  Use: Scroll            |       |     9 |     1 ||    10
       Potion            |       |     2 |     1 ||     3
  Eat: Chunk             |     1 |     7 |     3 ||    11
Armor: Scale mail        |    20 |       |       ||    20
       Plate armour      |    92 |   119 |    23 ||   234
Dodge: Dodged            |    26 |    26 |     9 ||    61
Block: Shield            |    85 |   102 |    20 ||   207
